 Dungeon Crawl Stone Soup version 0.30.0-5-g1a98f26d00 (webtiles) character file.

Game seed: 615220936793747540

317 HeliumTrimp the Slasher (level 6, -12/50 (51) HPs)
             Began as a Formicid Fighter on May 10, 2023.
             Mangled by Valagong's ghost (16 damage)
             ... on level 4 of the Dungeon.
             The game lasted 00:04:21 (3364 turns).

HeliumTrimp the Slasher (Formicid Fighter)          Turns: 3364, Time: 00:04:21

HP:   -12/50 (51)   AC:  9    Str: 21    XL:     6   Next: 73%
MP:   6/6           EV:  7    Int:  7    God:
Gold: 266           SH:  5    Dex: 15    Spells: 5/5 levels left

rFire   . . .        a - +0 long sword
rCold   . . .        c - +0 buckler
rNeg    . . .        q - +0 chain mail
rPois   .            (helmet unavailable)
rElec   .            (no cloak)
rCorr   .            (no gloves)
SInv    +            (no boots)
Will    .....        (no amulet) Stlth
                     (no ring)
HPRegen 0.28/turn    (no ring)
MPRegen 0.10/turn

%: no passive effects
@: mighty, lightly drained
A: permanent stasis, dig shafts and tunnels, antennae 3, four strong arms
a: Dig, Shaft Self


You were on level 4 of the Dungeon.
You visited 1 branch of the dungeon, and saw 4 of its levels.

You collected 266 gold pieces.

Inventory:

Hand Weapons
 a - a +0 long sword (weapon)
 o - a +2 dagger of electrocution
Armour
 c - a +0 buckler (worn)
 q - a +0 chain mail (worn)
Wands
 r - a wand of paralysis (6)
Scrolls
 f - a scroll of immolation {unknown}
 g - a scroll of fear {unknown}
 h - a scroll of fog {unknown}
 l - 2 scrolls of amnesia {unknown}
 p - 4 scrolls of identify
Potions
 b - 2 potions of degeneration {unknown}
 d - 3 potions of might
 e - 4 potions of haste
 i - a potion of invisibility {unknown}
 j - a potion of mutation {unknown}
 k - 3 potions of brilliance
 m - 2 potions of magic {unknown}
 n - 4 potions of curing {unknown}
 s - a potion of heal wounds
 t - a potion of attraction {unknown}


   Skills:
 - Level 5.1 Fighting
 * Level 5.5 Long Blades
 - Level 3.2 Armour
 - Level 4.0 Shields
 + Level 0.2 Evocations


You had 5 spell levels left.
You didn't know any spells.
Your spell library contained the following spells:

 Spells                   Type           Power      Damage    Failure   Level
 Sublimation of Blood     Necr           0%         N/A       99%         2
 Call Canine Familiar     Summ           0%         N/A       100%        3
 Ignite Poison            Fire/Tmut/Pois 0%         N/A       100%        3
 Portal Projectile        Hex/Tloc       0%         N/A       100%        3
 Leda's Liquefaction      Hex/Erth       0%         N/A       100%        4
 Manifold Assault         Tloc           0%         N/A       100%        4
 Petrify                  Tmut/Erth      0%         N/A       100%        4
 Sticky Flame             Conj/Fire      0%         2d3       100%        4
 Irradiate                Conj/Tmut      0%         3d11      100%        5
 Storm Form               Tmut/Air       0%         N/A       100%        7
 Borgnjor's Revivificati  Necr           0%         N/A       100%        8
 Ignition                 Fire           0%         3d3       100%        8
 Necromutation            Tmut/Necr      0%         N/A       100%        8
 Death's Door             Necr           0%         N/A       100%        9
 Blink                    Tloc           Unusable   N/A       N/A         2

Dungeon Overview and Level Annotations

Branches:
Dungeon (4/15)
 Temple: D:4-7

Altars:

Annotations:
D:4 Valagong's ghost, amateur MiFi


Innate Abilities, Weirdness & Mutations

You cannot be hasted, slowed, berserked, paralysed or teleported.
You can dig through walls and to a lower floor.
You have a pair of large antennae on your head. (SInv)
Your four strong arms can wield two-handed weapons with a shield.


Message History

Item here: a glowing trident.
The floor.
Search for what [? for help]? ghos Can't find anything matching that.
Press: ? - help, v - describe, . - travel
Here: Valagong's ghost (fire blocked by a runed translucent door)
The floor.
You feel very mighty all of a sudden.
Valagong's ghost says very slowly, "There's no hope."
You open the large door. You closely miss Valagong's ghost.
You block Valagong's ghost's attack.
You barely miss Valagong's ghost. Valagong's ghost hits you!
You slash Valagong's ghost!
Valagong's ghost is lightly damaged.
Valagong's ghost hits you!
You closely miss Valagong's ghost.
Valagong's ghost is lightly damaged.
You block Valagong's ghost's attack. Valagong's ghost hits you!
You hit Valagong's ghost but do no damage.
Valagong's ghost is lightly damaged.
Valagong's ghost closely misses you.
You slash Valagong's ghost!
Valagong's ghost is moderately damaged.
Valagong's ghost barely misses you.
You slash Valagong's ghost!
Valagong's ghost is heavily damaged.
Valagong's ghost hits you!
* * * LOW HITPOINT WARNING * * *
You slash Valagong's ghost!
Valagong's ghost is severely damaged.
Valagong's ghost hits you but does no damage.
You barely miss Valagong's ghost.
Valagong's ghost is severely damaged.
Valagong's ghost hits you.
* * * LOW HITPOINT WARNING * * *
You barely miss Valagong's ghost.
Valagong's ghost is severely damaged.
Valagong's ghost hits you but does no damage.
Valagong's ghost hits you!
You die...

########...##
#.##.<........#..
.....<....##
########.....##...#
###########
###.#≈####(..#.###.##
#
#~#.~).≈######.##..#
# #.....#.#####.##.##
# ##~~#~8..#.....##.#
# #.~.....####.####.#
# ###W'######.# #.# #
#..@...#.##.# #.## #
#......#.##.# #..#
##### ###..###.##.#
##.# ....### ##.#
#.##.# #.# .~~~~≈#
#.###.##.# #.#
#~###~## #...#.##.#
#.# #≈≈≈≈~.#
#.....##.# #.#
#≈≈#~~.## #...##...#
#.# #≈≈#~~..######
##.###.### #.#


You could see Valagong's ghost.

Vanquished Creatures
  Jessica (D:2)
  Terence (D:2)
  3 orc wizards (D:3)
  Natasha (thrice) (D:2)
  6 adders
  3 worms (D:2)
  2 dart slugs
  3 orcs
  3 ball pythons (D:2)
  3 bats
  4 endoplasms
  6 giant cockroaches
  7 goblins
  4 hobgoblins
  3 quokkas
  3 frilled lizards
  A kobold (D:4)
  4 rats
60 creatures vanquished.

Notes
Turn   | Place    | Note
-------+----------+-------------------------------------------
     0 | D:1      | HeliumTrimp the Formicid Fighter began the quest for the
                  | Orb.
     0 | D:1      | Reached XP level 1. HP: 18/18 MP: 1/1
   301 | D:1      | Reached XP level 2. HP: 24/24 MP: 2/2
   763 | D:2      | Reached XP level 3. HP: 17/30 MP: 3/3
  1024 | D:2      | Noticed Natasha
  1051 | D:2      | Killed Natasha
  1052 | D:2      | Reached XP level 4. HP: 27/37 MP: 4/4
  1097 | D:2      | Noticed Natasha
  1104 | D:2      | Killed Natasha
  1246 | D:2      | Reached XP level 5. HP: 29/42 MP: 5/5
  1298 | D:2      | Found a faded altar of an unknown god.
  1302 | D:2      | Noticed Jessica
  1310 | D:2      | Killed Jessica
  1509 | D:2      | Noticed Terence
  1516 | D:2      | Killed Terence
  1928 | D:2      | Noticed Natasha
  1934 | D:2      | Killed Natasha
  1935 | D:2      | Reached XP level 6. HP: 34/50 MP: 6/6
  2065 | D:3      | Reached skill level 5 in Long Blades
  2082 | D:3      | Reached skill level 5 in Fighting
  3051 | D:4      | Found a large runed translucent door.
  3051 | D:4      | Found a large runed translucent door.
  3055 | D:4      | Noticed Valagong's ghost (amateur MiFi)
  3364 | D:4      | Mangled by Valagong's ghost

Illustrated notes

Levels and vault maps discovered:
D:1:      nicolae_arrival_memento_mori, layout_basic
D:2:      layout_loops_corners, ebering_ecumenical_altar_webs, minivault_19,
          uniq_natasha, uniq_jessica, uniq_terence
D:3:      layout_basic, due_unseen_surprise
D:4:      layout_loops_ring, ebering_ghost_disaster_area, minmay_crystal_water,
          corexii_hall_statues_u, hangedman_abyss_or_decor_stabs

Skill      XL: |  1  2  3  4  5  6 |
---------------+-------------------+-----
Long Blades    | 3 4 5 |  5.5
Fighting       | 4 5 |  5.1
Armour         | |  3.2
Shields        | |  4.0
Evocations     | |  0.2

Action                     |  1- 3 |  4- 6 || total
---------------------------+-------+-------++-------
  Melee: Long sword        |    70 |   163 ||   233
Ability: Dig               |       |     1 ||     1
    Use: Scroll            |       |     3 ||     3
         Potion            |       |     1 ||     1
   Stab: Confused          |       |     1 ||     1
 Armour: Scale mail        |    32 |    19 ||    51
         Chain mail        |       |    49 ||    49
  Dodge: Dodged            |    37 |    62 ||    99
  Block: Buckler           |    17 |    32 ||    49
